 Dungeon Crawl Stone Soup version 0.27-a0-512-g57cc695410 (webtiles) character file.

Game seed: 1228184152908708686

63 kae the Chopper (level 4, -8/36 HPs)
             Began as a Hill Orc Fighter on Mar 3, 2021.
             Mangled by Sigmund
             ... wielding a +0 scythe
              (12 damage)
             ... on level 2 of the Dungeon.
             The game lasted 00:01:08 (1304 turns).

kae the Chopper (Hill Orc Fighter)                  Turns: 1304, Time: 00:01:08

Health: -8/36      AC:  5    Str: 19    XL:     4   Next: 9%
Magic:  4/4        EV:  7    Int:  8    God:
Gold:   34         SH:  8    Dex:  8    Spells: 3/3 levels left

rFire    . . .     SeeInvis .   a - +0 war axe
rCold    . . .     Faith    .   c - +0 kite shield
rNeg     . . .     Spirit   .   b - +0 scale mail
rPois    .         Reflect  .   (no helmet)
rElec    .         Harm     .   h - +0 cloak
rCorr    .         Rampage  .   (no gloves)
Will     .....                  (no boots)
Stlth    ..........             (no amulet)
HPRegen  0.12/turn              (no ring)
MPRegen  0.09/turn              (no ring)

@: no status effects
A: clumsy 1, deformed body, frail 1, high mp 1
a: no special abilities


You were on level 2 of the Dungeon.
You visited 1 branch of the dungeon, and saw 2 of its levels.

You collected 34 gold pieces.

Inventory:

Hand Weapons
 a - a +0 war axe (weapon)
Armour
 b - a +0 scale mail (worn)
 c - a +0 kite shield (worn)
 h - a +0 cloak (worn)
Scrolls
 e - 2 scrolls of blinking
 i - a scroll of teleportation
Potions
 d - 2 potions of might
 f - a potion of lignification


   Skills:
 + Level 4.2 Fighting
 * Level 4.4 Axes
 + Level 3.8 Armour
 - Level 3.2 Shields


You had 3 spell levels left.
You didn't know any spells.
Your spell library was empty.

Dungeon Overview and Level Annotations

Branches:
Dungeon (2/15)

Altars:

Annotations:
D:2 Sigmund


Innate Abilities, Weirdness & Mutations

You are clumsy. (Dex -2)
Armour fits poorly on your strangely shaped body.
You are frail. (-10% HP)
You have an increased reservoir of magic. (+10% MP)


Message History

You closely miss the adder zombie. Sigmund hits you but does no damage.
The adder zombie bites you but does no damage.
You closely miss Sigmund. You completely miss the adder zombie.
The adder zombie bites you but does no damage.
Sigmund hits you but does no damage.
The adder zombie bites you but does no damage.
There's something in the way.
There's something in the way.
You closely miss Sigmund. You closely miss the adder zombie.
Your transformation is almost over.
Sigmund hits you but does no damage.
The adder zombie bites you but does no damage. x2
You closely miss the adder zombie. You miss Sigmund.
Sigmund points at you and mumbles some strange words.
The puff of flame hits you but does no damage.
The adder zombie bites you but does no damage.
Sigmund hits you but does no damage.
There's something in the way.
You miss Sigmund.
Sigmund is moderately wounded.
You hit the adder zombie.
You destroy the adder zombie!
Sigmund hits you but does no damage.
You hit Sigmund but do no damage.
Sigmund is moderately wounded.
Sigmund points at you and mumbles some strange words.
The puff of flame hits you but does no damage.
You miss Sigmund. Sigmund hits you but does no damage.
You cannot move. (Use ctrl+direction or * direction to attack without moving.)
You cannot move. (Use ctrl+direction or * direction to attack without moving.)
You closely miss Sigmund.
You feel less confused. You block Sigmund's attack.
You closely miss Sigmund.
Sigmund is moderately wounded.
You feel less wooden.
Your +0 cloak unmelds from your body.
Your +0 scale mail unmelds from your body.
Sigmund hits you with a +0 scythe!
You die...

##....... ..# ##.###..##
# ..## .#.# ..####. ...
...# .(... .##.### .###
#.#.. ..... ## #.#.#
#..# # #.#.# #..### #
#.#.####....# #
#.........@†#
#########.####.##@......
......>...............##
#################.##.##
.# # .# .# .# .#


You could see Sigmund.

Vanquished Creatures
  2 adders (D:2)
  An adder zombie (D:2)
  2 worms (D:2)
  3 dart slugs
  2 leopard geckos (D:2)
  3 bats
  2 giant cockroaches
  A hobgoblin (D:1)
  4 jackals (D:1)
  2 quokkas (D:2)
  A frilled lizard (D:2)
  3 kobolds (D:1)
  4 rats (D:2)
30 creatures vanquished.

Vanquished Creatures (others)
  5 withered plants (D:2)
5 creatures vanquished.

Grand Total: 35 creatures vanquished

Notes
Turn   | Place    | Note
-------+----------+-------------------------------------------
     0 | D:1      | kae the Hill Orc Fighter began the quest for the Orb.
     0 | D:1      | Reached XP level 1. HP: 19/19 MP: 1/1
   282 | D:1      | Reached XP level 2. HP: 27/27 MP: 2/2
   816 | D:2      | Reached XP level 3. HP: 27/33 MP: 3/3
   948 | D:2      | Found a faded altar of an unknown god.
  1264 | D:2      | Reached XP level 4. HP: 40/40 MP: 4/4
  1268 | D:2      | Noticed Sigmund
  1283 | D:2      | Gained mutation: You are frail. (-10% HP) [potion of
                  | mutation]
  1283 | D:2      | Gained mutation: Armour fits poorly on your strangely
                  | shaped body. [potion of mutation]
  1283 | D:2      | Gained mutation: You are clumsy. (Dex -2) [potion of
                  | mutation]
  1283 | D:2      | Gained mutation: You have an increased reservoir of magic.
                  | (+10% MP) [potion of mutation]
  1288 | D:2      | HP: 2/54 [something (6)]
  1304 | D:2      | Mangled by Sigmund

Illustrated notes

Levels and vault maps discovered:
D:1:      grunt_arrival_lava_bath, layout_basic, minivault_24, minivault_23
D:2:      minmay_diamond_boxcup, layout_loops_ring, serial_undead,
          serial_undead_b, serial_undead_a, serial_undead_d, serial_undead_f,
          serial_undead_a, serial_undead_b, serial_undead_c,
          chequers_ecumenical_altar_simple_redux, uniq_jessica, uniq_sigmund

Skill      XL: |  1  2  3 |
---------------+----------+-----
Axes           | 3 4 |  4.4
Fighting       | 4 |  4.2
Armour         | |  3.8
Shields        | |  3.2

Action                   |  1- 3 |  4- 6 || total
-------------------------+-------+-------++-------
Melee: War axe           |    95 |    26 ||   121
  Use: Scroll            |     4 |       ||     4
       Potion            |       |     2 ||     2
Armor: Scale mail        |    49 |     4 ||    53
       Skin              |       |    27 ||    27
Dodge: Dodged            |    36 |     5 ||    41
Block: Kite shield       |    61 |     3 ||    64

Table legend: (Time is in decaauts)
 A = Elapsed time spent in this place.
 B = Non-inter-level travel time spent in this place.
 C = Inter-level travel time spent in this place.
 D = Time resting spent in this place.
 E = Time spent auto-exploring this place.
 F = Levels seen in this place.
 G = Mean time per level.
                   A        B        C        D        E       F      G
               +--------+--------+--------+--------+--------+-----+--------+
         Total |   1372 |   1355 |     17 |    123 |    936 |   2 |  686.0 |
       Dungeon |   1372 |   1355 |     17 |    123 |    936 |   2 |  686.0 |
               +--------+--------+--------+--------+--------+-----+--------+

Top non-repeatable levels by time:
     D:1: 819 daAuts
     D:2: 552 daAuts
